 Dungeon Crawl Stone Soup version 0.26.1-11-gd32895ea62 (webtiles) character file.

Game seed: 4805264157369123359

38554 ubername the Frost Mage (level 14, 0/104 HPs)
             Began as a Barachi Ice Elementalist on July 23, 2021.
             Was the Champion of Jiyva.
             Hit by a javelin thrown by Urug (10 damage)
             ... on level 3 of the Lair of Beasts.
             The game lasted 01:15:55 (23723 turns).

ubername the Frost Mage (Barachi Ice Elementalist) Turns: 23723, Time: 01:15:56

Health: 0/104      AC: 21    Str: 13    XL:     14   Next: 2%
Magic:  19/30      EV: 15    Int: 20    God:    Jiyva [******]
Gold:   651        SH:  0    Dex: 15    Spells: 21/38 levels left

rFire    . . .     SeeInvis .   a - +3 scimitar
rCold    . . .     Faith    .   (no shield)
rNeg     + + +     Spirit   .   C - +1 ring mail "Zuiraleg" {rN++ rCorr Str+3 Stlth+}
rPois    +         Reflect  .   B - +2 hat
rElec    .         Harm     .   k - +1 cloak
rCorr    +         Rampage  .   K - +0 pair of gloves
Will     ++...                  (no boots)
Stlth    +++.......             (no amulet)
HPRegen  0.27/turn              m - ring of positive energy
MPRegen  0.22/turn              N - ring of poison resistance

@: icy armour, about to teleport, slimy, slow
A: +LOS, swims, rugged brown scales 1, slimy green scales 1, strong-willed 1,
slowness 1, strong 1, evolution 1, tendrils, strong legs 2
a: Hop, Renounce Religion, Request Jelly, Slimify, Cure Bad Mutation


You were on level 3 of the Lair of Beasts.
You worshipped Jiyva.
Jiyva was exalted by your worship.
You visited 2 branches of the dungeon, and saw 18 of its levels.

You collected 757 gold pieces.
You spent 106 gold pieces at shops.

Inventory:

Hand Weapons
 a - a +3 scimitar (weapon)
 b - a +0 vorpal hunting sling
 o - a +1 long sword of holy wrath
Missiles
 f - 105 sling bullets
 H - 15 poisoned darts (quivered)
 J - 118 stones
Armour
 j - +1 steam dragon scales
 k - a +1 cloak (worn)
 B - a +2 hat (worn)
 C - the +1 ring mail "Zuiraleg" (worn) {rN++ rCorr Str+3 Stlth+}
   (You found it on level 13 of the Dungeon)

   It affects your strength (+3).
   It greatly protects you from negative energy.
   It provides partial protection from all sources of acid and corrosion.
   It makes you more stealthy.
 K - a +0 pair of gloves (worn)
Jewellery
 m - a ring of positive energy (left hand)
 r - an uncursed ring of flight
 z - an uncursed ring of protection from fire
 D - an uncursed ring of see invisible
 E - a +6 ring of strength
 M - an uncursed ring of stealth
 N - a ring of poison resistance (right hand)
Wands
 d - a wand of acid (33)
 v - a wand of paralysis (4)
 w - a wand of random effects (10)
 y - a wand of polymorph (10)
 F - a wand of digging (7)
 L - a wand of enslavement (17)
Scrolls
 h - 2 scrolls of remove curse
 n - 4 scrolls of magic mapping
 p - a scroll of enchant armour
 q - 2 scrolls of vulnerability
 t - 2 scrolls of amnesia
 u - 4 scrolls of enchant weapon
 G - a scroll of summoning
 I - a scroll of teleportation
Potions
 c - a potion of lignification
 e - a potion of cancellation
 g - 2 potions of haste
 i - a potion of curing
 l - a potion of brilliance
Miscellaneous
 s - a tin of tremorstones (2/2)
 x - a tin of tremorstones (2/2)


   Skills:
 - Level 6.7 Fighting
 - Level 2.3(6.2) Short Blades
 - Level 9.9(10.1) Long Blades
 - Level 3.2(4.6) Slings
 - Level 5.0(5.5) Throwing
 - Level 2.2 Armour
 - Level 7.7 Dodging
 - Level 4.5 Stealth
 - Level 12.8 Spellcasting
 - Level 3.2 Conjurations
 - Level 1.4 Hexes
 - Level 14.0 Ice Magic
 + Level 7.8 Evocations


You had 21 spell levels left.
You knew the following spells:

 Your Spells              Type           Power        Failure   Level
a - Freeze                Ice            100%         1%          1
b - Frozen Ramparts       Ice            100%         1%          3
c - Ozocubu's Armour      Ice            62%          1%          3
d - Ensorcelled Hibernat  Hex/Ice        86%          1%          2
e - Hailstorm             Conj/Ice       47%          3%          4
f - Cause Fear            Hex            9%           52%         4

Your spell library contained the following spells:

 Spells                   Type           Power        Failure   Level
 Magic Dart               Conj           100%         3%          1
 Searing Ray              Conj           50%          4%          2
 Corona                   Hex            20%          6%          1
 Ice Form                 Ice/Tmut       40%          6%          4
 Summon Ice Beast         Ice/Summ       40%          6%          4
 Slow                     Hex            18%          10%         2
 Animate Skeleton         Necr           24%          11%         1
 Apportation              Tloc           24%          11%         1
 Beastly Appendage        Tmut           24%          11%         1
 Summon Small Mammal      Summ           48%          11%         1
 Dazzling Flash           Conj/Hex       44%          13%         3
 Blink                    Tloc           N/A          17%         2
 Call Imp                 Summ           12%          17%         2
 Corpse Rot               Necr/Air       N/A          17%         2
 Sublimation of Blood     Necr           6%           17%         2
 Wereblood                Tmut           12%          17%         2
 Conjure Flame            Conj/Fire      19%          17%         3
 Confusing Touch          Hex            18%          19%         3
 Tukima's Dance           Hex            18%          19%         3
 Mephitic Cloud           Conj/Pois/Air  17%          22%         3
 Inner Flame              Hex/Fire       15%          24%         3
 Portal Projectile        Hex/Tloc       30%          24%         3
 Spider Form              Tmut/Pois      6%           32%         3
 Fulminant Prism          Conj/Hex       11%          38%         4
 Iskenderun's Mystic Bla  Conj/Tloc      19%          50%         4
 Leda's Liquefaction      Hex/Erth       7%           63%         4
 Dispel Undead            Necr           12%          73%         4
 Agony                    Necr           12%          97%         5
 Blade Hands              Tmut           6%           97%         5
 Excruciating Wounds      Necr           6%           97%         5


Dungeon Overview and Level Annotations

Branches:
Dungeon (15/15)            Temple (0/1) D:7            Lair (3/6) D:11
    Orc (0/2) D:11         Vaults (0/5) D:13         Depths (0/5) D:15
  Swamp: Lair:2-4    Shoals: Lair:2-4     Snake: Lair:2-4    Spider: Lair:2-4

Altars:
Ashenzari
Cheibriados
Dithmenos
Elyvilon
Fedhas
Hepliaklqana
Okawaru
Qazlal
Ru
Sif Muna
Trog
The Shining One
Beogh
Jiyva

Shops:
D:6 =   D:8 *

Annotations:
D:8 2 transporters, 1 runed translucent door, JackMcBride's ghost, novice MiFi
D:9 2 transporters, exclusion: obsidian statue
Lair:3 2 runed translucent doors, Urug


Innate Abilities, Weirdness & Mutations

You can be seen from farther away. (+LOS)
You can swim through water.
You cover ground slowly.
You can hop long distances.
You are partially covered in rugged brown scales. (AC +1, +3% HP)
You are partially covered in slimy green scales. (AC +2)
You are strong-willed. (Will+)
Your muscles are strong. (Str +2)
You evolve.
You are covered in slimy tendrils that may disarm your opponents.


Message History

The heat melts your icy armour.
Blink to where?
Press: ? - help, Dir - move target Your icy armour and frozen ramparts will break if you move.
Continue?
Your icy armour cracks and falls away as you move.
The frozen ramparts melt away as you move.
As you read the scroll of blinking, it crumbles to dust.
Okay, then.
As you read the scroll of teleportation, it crumbles to dust.
You feel strangely unstable.
Urug throws a javelin.
The javelin pierces through you!
* * * LOW HITPOINT WARNING * * *
Casting: Ozocubu's Armour (safe; 1% risk of failure)
Confirm with . or Enter, or press ? or * to list all spells.
A film of ice covers your body!
Urug throws a javelin.
The javelin barely misses you.
You feel better.
You are ready to hop once more.
Urug throws a javelin.
The javelin pierces through you!
You die...

#....##..###.#
#....#.
#....(....P#o# ##
##.....
#..#.#.......# ..#
##.##.. #
..#........##..#
#P.####
#.#.............#
#P.# #
#....#.........###
##.####
....#.#.....#...##
#.....
#o......##...##.#.#
##.##. . ......
##.###.@#### #.....
.P..P#. #.#
#.###.## ##.#.. ..
#. #......# #..###
#. ###...## ###.#
...##..#..###
#...## ...........#
###..#
..##.....#.#####
#..# #.
##.##....##.###.##
#. #.#.........#


You could see Urug.

Vanquished Creatures
  Josephine (D:10)
  3 vault guards (D:13)
  A boulder beetle (D:11)
  A catoblepas (Lair:1)
  2 centaur warriors
  2 hydras
  4 two-headed ogres
  2 unseen horrors
  An orc knight (D:15)
  3 necromancers
  A deep elf mage (D:15)
  2 wizards
  2 ugly things
  3 cyclopes
  4 manticores
  Maurice (D:9)
  Joseph (D:9)
  A black mamba (Lair:1)
  A naga mage (D:15)
  4 cane toads
  Maggie (D:8)
  2 gargoyles
  4 komodo dragons
  3 trolls
  2 hornets
  A dream sheep (shapeshifter) (D:14)
  A harpy skeleton (D:15)
  A shadow (D:15)
  3 wyverns
  3 wraiths
  A basilisk (Lair:2)
  46 yaks
  14 humans (D:13)
  3 vampire mosquitoes (D:15)
  A warg (D:15)
  2 acid dragons
  Duvessa (D:6)
  2 water moccasins
  2 orc warriors
  3 sky beasts
  3 black bears
  4 ice beasts
  2 phantoms
  9 centaurs
  4 ogres
  Blork the orc (D:6)
  A big kobold (D:10)
  13 bullfrogs
  A gnoll sergeant (D:12)
  Dowan (D:6)
  A wyvern zombie (D:14)
  A wyvern skeleton (D:15)
  5 scorpions
  A water moccasin skeleton (D:11)
  7 wights
  3 howler monkeys (D:10)
  An electric eel (Lair:2)
  A bullfrog zombie (D:8)
  A quasit (D:10)
  5 hounds
  5 jellies
  2 bullfrog skeletons
  5 orc priests
  5 centaur skeletons
  2 iguanas
  6 orc wizards
  15 worker ants
  A hound skeleton (D:11)
  2 worker ant zombies (D:6)
  Robin (D:3)
  3 gnolls (D:12)
  11 adders
  A white imp (D:7)
  3 ufetubi
  2 oozes (D:2)
  An adder zombie (D:6)
  2 adder skeletons
  3 worms
  A dart slug (D:4)
  3 leopard geckos
  43 orcs
  5 bats
  9 giant cockroaches
  20 goblins
  6 hobgoblins
  2 ball pythons
  3 frilled lizards
  A jackal zombie (D:6)
  3 kobolds
  2 leopard gecko skeletons
  7 rats
376 creatures vanquished.

Vanquished Creatures (collateral kills)
  A wizard (D:15)
  A troll (D:15)
2 creatures vanquished.

Vanquished Creatures (others)
  Louise (D:14)
  A boulder beetle (D:13)
  A two-headed ogre (D:15)
  An unseen horror (D:13)
  A wizard (D:13)
  2 cyclopes
  2 centaur zombies (D:15)
  An elephant (D:11)
  A centaur skeleton (D:15)
  10 slime creatures
  A tengu conjurer (D:11)
  A troll (D:13)
  A shadow (D:12)
  A vampire (D:13)
  3 wraiths
  A wyvern (D:13)
  2 basilisks
  3 humans (D:13)
  2 yaks (D:12)
  A soldier ant (D:13)
  An eye of draining (D:15)
  A hornet zombie (D:11)
  A sky beast (D:9)
  2 black bears
  An ice beast (D:15)
  A necrophage (D:10)
  2 centaurs (D:11)
  3 bullfrogs
  A big kobold (D:11)
  A scorpion (D:11)
  3 wights (D:11)
  2 electric eels (Lair:2)
  99 jellies
  2 hounds
  An iguana (D:11)
  A bullfrog skeleton (D:11)
  A worker ant (D:10)
  An adder (D:12)
  A gnoll (D:12)
  A white imp (D:9)
  A leopard gecko (D:9)
  6 orcs
  5 kobolds (D:11)
  20 fungi
  81 plants
276 creatures vanquished.

Grand Total: 654 creatures vanquished

Notes
Turn   | Place    | Note
-------+----------+-------------------------------------------
     0 | D:1      | ubername the Barachi Ice Elementalist began the quest for
                  | the Orb.
     0 | D:1      | Reached XP level 1. HP: 13/13 MP: 3/3
   203 | D:1      | Reached skill level 5 in Ice Magic
   536 | D:1      | Reached XP level 2. HP: 19/19 MP: 1/5
  1260 | D:2      | Reached XP level 3. HP: 16/25 MP: 1/6
  1454 | D:2      | Learned a level 3 spell: Frozen Ramparts
  1703 | D:2      | Reached skill level 1 in Fighting
  2057 | D:2      | Found an iron altar of Okawaru.
  2173 | D:2      | Reached XP level 4. HP: 32/32 MP: 3/8
  2476 | D:2      | Learned a level 3 spell: Ozocubu's Armour
  2819 | D:3      | Found a sacrificial altar of Ru.
  2830 | D:3      | Reached skill level 6 in Ice Magic
  2897 | D:3      | Found a stormy altar of Qazlal.
  2951 | D:3      | Identified the +1 helmet of Life {rElec MP-9 Int+5}
  2951 | D:3      | Noticed Robin
  2958 | D:3      | Reached XP level 5. HP: 37/37 MP: 2/9
  2965 | D:3      | Killed Robin
  3714 | D:4      | You fall into a shaft and drop 3 floors!
  3809 | D:7      | Noticed a sky beast
  3817 | D:7      | Killed a sky beast
  3818 | D:7      | Reached XP level 6. HP: 25/43 MP: 0/12
  3944 | D:7      | Noticed a phantom
  3988 | D:7      | Killed a phantom
  3989 | D:7      | Reached skill level 1 in Slings
  4071 | D:7      | Found a bloodstained altar of Trog.
  4071 | D:7      | Noticed a black bear
  4072 | D:7      | Noticed a black bear
  4072 | D:7      | Noticed a water moccasin
  4072 | D:7      | Found a snail-covered altar of Cheibriados.
  4076 | D:7      | Killed a black bear
  4077 | D:7      | Reached XP level 7. HP: 49/49 MP: 4/13
  4214 | D:7      | Reached skill level 7 in Ice Magic
  4220 | D:7      | Reached skill level 5 in Spellcasting
  4499 | D:7      | Found a shimmering blue altar of Sif Muna.
  4578 | D:6      | Noticed Dowan
  4592 | D:6      | Noticed Duvessa
  4599 | D:6      | HP: 2/50 [poisoned by a scorpion]
  4603 | D:6      | Gained mutation: You occasionally shout uncontrollably at
                  | your foes. [potion of mutation]
  4603 | D:6      | Gained mutation: Your magical capacity is low. (-10% MP)
                  | [potion of mutation]
  4603 | D:6      | Gained mutation: You evolve. [potion of mutation]
  4615 | D:6      | Killed Duvessa
  4616 | D:6      | Reached XP level 8. HP: 30/56 MP: 3/14
  4619 | D:6      | Killed Dowan
  4757 | D:6      | Gained mutation: Your flesh is heat resistant. (rF+)
                  | [evolution]
  4886 | D:6      | Learned a level 2 spell: Ensorcelled Hibernation
  5016 | D:6      | Reached skill level 1 in Short Blades
  5167 | D:6      | Found a glowing golden altar of the Shining One.
  5224 | D:5      | Entered Level 5 of the Dungeon
  5583 | D:5      | Reached skill level 8 in Ice Magic
  6338 | D:4      | Reached skill level 1 in Throwing
  6405 | D:4      | Reached skill level 1 in Long Blades
  6782 | D:4      | Lost mutation: Your magical capacity is low. (-10% MP)
                  | [evolution]
  7100 | D:4      | Found a snail-covered altar of Cheibriados.
  7417 | D:6      | Reached XP level 9. HP: 21/62 MP: 13/18
  7663 | D:6      | Noticed Blork the orc
  7804 | D:6      | Killed Blork the orc
  7911 | D:6      | Found Kouts's Jewellery Shop.
  8014 | D:6      | Reached skill level 9 in Ice Magic
  8316 | D:6      | Learned a level 4 spell: Hailstorm
  8649 | D:7      | Found a staircase to the Ecumenical Temple.
  9167 | D:7      | Reached skill level 1 in Conjurations
  9620 | D:7      | Reached skill level 10 in Ice Magic
  9620 | D:7      | Reached XP level 10. HP: 64/71 MP: 15/22
  9798 | D:7      | Lost mutation: You occasionally shout uncontrollably at
                  | your foes. [evolution]
  9936 | D:8      | Found a transporter.
  9978 | D:8      | Found a roughly hewn altar of Beogh.
  9978 | D:8      | Found a transporter.
 10046 | D:8      | Noticed Maggie
 10062 | D:8      | Killed Maggie
 10362 | D:8      | Found a blossoming altar of Fedhas.
 10494 | D:8      | Found Unitaoc's General Store.
 10566 | D:8      | Reached skill level 5 in Dodging
 10994 | D:8      | Found a shadowy altar of Dithmenos.
 10995 | D:8      | Found a hazy altar of Hepliaklqana.
 11034 | D:8      | Found a viscous altar of Jiyva.
 11042 | D:8      | Reached skill level 5 in Long Blades
 11107 | D:8      | Became a worshipper of Jiyva Joux the Shapeless
 11253 | D:8      | Reached * piety under Jiyva
 11282 | D:8      | Found a broken altar of Ashenzari.
 11501 | D:8      | Found a runed translucent door.
 11507 | D:8      | Noticed JackMcBride's ghost (novice MiFi)
 11718 | D:9      | Noticed a boulder beetle
 11988 | D:9      | Noticed a boulder beetle
 11989 | D:9      | Found a transporter.
 11990 | D:9      | Noticed a five-headed hydra
 11990 | D:9      | Noticed an obsidian statue
 11993 | D:9      | Found a transporter.
 12067 | D:9      | Noticed Maurice
 12081 | D:9      | Killed Maurice
 12128 | D:9      | Reached ** piety under Jiyva
 12687 | D:9      | Noticed Joseph
 12701 | D:9      | Killed Joseph
 12973 | D:9      | Lost mutation: Your flesh is heat resistant. (rF+)
                  | [evolution]
 13123 | D:10     | Entered Level 10 of the Dungeon
 13216 | D:10     | Noticed Josephine
 13228 | D:10     | Killed Josephine
 13229 | D:10     | Reached skill level 11 in Ice Magic
 13234 | D:10     | Reached XP level 11. HP: 27/77 MP: 4/24
 13287 | D:10     | Noticed a two-headed ogre
 13772 | D:10     | Reached *** piety under Jiyva
 13836 | D:10     | Gained mutation: You have large cloven feet. [Jiyva's
                  | grace]
 13836 | D:10     | Reached **** piety under Jiyva
 13896 | D:10     | Reached skill level 1 in Hexes
 13918 | D:10     | Lost mutation: You have large cloven feet. [Jiyva's grace]
 13934 | D:10     | Lost mutation: You evolve. [potion of mutation]
 13934 | D:10     | Gained mutation: You are clumsy. (Dex -2) [potion of
                  | mutation]
 13934 | D:10     | Gained mutation: Your body sometimes deteriorates upon
                  | taking damage. [potion of mutation]
 13934 | D:10     | Gained mutation: You evolve. [potion of mutation]
 13934 | D:10     | Gained mutation: Your muscles are strong. (Str +2) [potion
                  | of mutation]
 13947 | D:10     | Reached skill level 10 in Spellcasting
 14021 | D:10     | Reached ***** piety under Jiyva
 14768 | D:11     | Noticed a death ooze
 14768 | D:11     | a necrophage changed into a death ooze
 14815 | D:11     | Noticed a brown ugly thing
 14931 | D:11     | Killed an unseen horror
 15070 | D:11     | Gained mutation: Your mind is acute. (Int +2) [Jiyva's
                  | grace]
 15389 | D:11     | Killed a cyclops
 15444 | D:11     | Killed a brown ugly thing
 15468 | D:11     | Noticed a boulder beetle
 15490 | D:11     | Killed a boulder beetle
 15491 | D:11     | Reached skill level 1 in Evocations
 15531 | D:11     | Lost mutation: Your mind is acute. (Int +2) [Jiyva's grace]
 15554 | D:11     | Found a staircase to the Orcish Mines.
 15572 | D:11     | Noticed a four-headed hydra
 15598 | D:11     | Killed a five-headed hydra
 15599 | D:11     | Reached skill level 12 in Ice Magic
 15661 | D:11     | Noticed a manticore
 15672 | D:11     | Killed a manticore
 15888 | D:11     | Found a staircase to the Lair.
 15944 | D:11     | Gained mutation: Your spells are a little easier to cast,
                  | but a little less powerful. [Jiyva's grace]
 16148 | D:12     | Gained mutation: Your system is resistant to poisons.
                  | (rPois) [Jiyva's grace]
 16153 | D:12     | Reached ****** piety under Jiyva
 16281 | D:12     | Reached XP level 12. HP: 55/85 MP: 9/26
 16351 | D:12     | Noticed a two-headed ogre
 16360 | D:12     | Killed a two-headed ogre
 16487 | D:12     | Gained mutation: Your spells are easier to cast, but less
                  | powerful. [Jiyva's grace]
 16582 | D:12     | Noticed a two-headed ogre
 16592 | D:12     | Killed a two-headed ogre
 16695 | D:12     | Reached skill level 5 in Fighting
 16840 | D:13     | You fall into a shaft and drop 2 floors!
 16840 | D:15     | Entered Level 15 of the Dungeon
 16844 | D:15     | Lost mutation: You are clumsy. (Dex -2) [Jiyva's power]
 16920 | D:14     | Killed Louise
 16970 | D:14     | Noticed a catoblepas
 17002 | D:14     | Noticed a centaur warrior
 17025 | D:14     | Killed a centaur warrior
 17109 | D:14     | Gained mutation: You have a small jelly attached to you
                  | that senses nearby items. [Jiyva's grace]
 17127 | D:14     | Lost mutation: Your muscles are strong. (Str +2) [Jiyva's
                  | grace]
 17128 | D:14     | Lost mutation: Your spells are easier to cast, but less
                  | powerful. [Jiyva's power]
 17140 | D:14     | Noticed a four-headed hydra
 17315 | D:14     | You fall into a shaft and drop 1 floor!
 17407 | D:15     | Noticed a two-headed ogre
 17708 | D:15     | Killed a two-headed ogre
 17897 | D:15     | Paralysed by a wizard for 5 turns
 17911 | D:15     | Reached skill level 5 in Throwing
 17917 | D:15     | Lost mutation: Your spells are a little easier to cast, but
                  | a little less powerful. [Jiyva's grace]
 17927 | D:15     | Gained mutation: You are covered in slimy tendrils that may
                  | disarm your opponents. [Jiyva's grace]
 17937 | D:15     | Reached skill level 13 in Ice Magic
 18114 | D:15     | Found a white marble altar of Elyvilon.
 18448 | D:15     | Found a staircase to the Depths.
 18605 | D:14     | Killed a five-headed hydra
 18606 | D:14     | Gained mutation: You can hop long distances. [Barachi
                  | growth]
 18606 | D:14     | Reached XP level 13. HP: 46/93 MP: 19/29
 18661 | D:14     | Gained mutation: You are strong-willed. (Will+) [Jiyva's
                  | grace]
 18923 | D:13     | Got a distressingly furry ring mail
 18928 | D:13     | Gained mutation: You are partially covered in slimy green
                  | scales. (AC +2) [Jiyva's grace]
 18934 | D:13     | Identified the cursed +1 ring mail "Zuiraleg" {rN++ rCorr
                  | Str+3 Stlth+} (You found it on level 13 of the Dungeon)
 18998 | D:13     | Gained mutation: You are weak. (Str -2) [evolution]
 19220 | D:13     | Reached skill level 1 in Armour
 19225 | D:13     | Noticed a vault guard
 19291 | D:13     | Lost mutation: Your body sometimes deteriorates upon taking
                  | damage. [Jiyva's grace]
 19292 | D:13     | Lost mutation: You are weak. (Str -2) [Jiyva's power]
 19319 | D:13     | Noticed a vault guard
 19344 | D:13     | Slimified a vault guard
 19344 | D:13     | Noticed an azure jelly
 19344 | D:13     | a vault guard changed into an azure jelly
 19346 | D:13     | Noticed a vault guard
 19415 | D:13     | Noticed a vault guard
 19443 | D:13     | Killed a vault guard
 19446 | D:13     | Killed a vault guard
 19521 | D:13     | Killed a vault guard
 19641 | D:13     | Found a gate to the Vaults.
 19688 | D:13     | Lost mutation: Your system is resistant to poisons. (rPois)
                  | [Jiyva's grace]
 20188 | D:11     | Gained mutation: Your muscles are strong. (Str +2)
                  | [evolution]
 20364 | D:11     | Reached skill level 14 in Ice Magic
 20897 | Lair:1   | Entered Level 1 of the Lair of Beasts
 20903 | Lair:1   | Learned a level 4 spell: Cause Fear
 21779 | D:8      | Bought 19 poisoned darts for 106 gold pieces
 21878 | Lair:1   | Lost mutation: You have a small jelly attached to you that
                  | senses nearby items. [Jiyva's grace]
 21908 | Lair:1   | Reached skill level 5 in Evocations
 22804 | Lair:2   | Gained mutation: You are partially covered in rugged brown
                  | scales. (AC +1, +3% HP) [Jiyva's grace]
 23277 | Lair:2   | Reached XP level 14. HP: 104/104 MP: 24/30
 23496 | Lair:3   | Found a runed translucent gate.
 23496 | Lair:3   | Found a runed translucent gate.
 23695 | Lair:3   | Noticed Urug
 23721 | Lair:3   | HP: 2/104 [Urug/javelin (11)]
 23723 | Lair:3   | Hit by a javelin thrown by Urug

Illustrated notes

Levels and vault maps discovered:
D:1:      evilmike_arrival_crescent, layout_rooms
D:2:      layout_loops_cross, kennysheep_okawaru_gauntlet
D:3:      layout_basic, nicolae_ru_great_annihilating_truth,
          grunt_qazlal_clouds, uniq_robin
D:4:      minmay_clustersquares, layout_loops_ring, kennysheep_mini_moat
D:5:      layout_gridville, feat_on_display
D:6:      layout_basic, lemuel_doored_altar, serial_shops, shop,
          minmay_checkerbox, uniq_duvessa, uniq_blork_the_orc
D:7:      layout_rooms, trog_ov_bears_minmay, lemuel_round_altar,
          minmay_temple_entry_waves, basic_altar
D:8:      gammafunk_beogh_shrine, layout_cave_pools,
          riverfiend_overflow_shadow_ancestor, fedhas_altar_2,
          nicolae_ashenzari_panopticon, ebering_ghost_inner_flame, serial_shops,
          kennysheep_little_box, jiyva_altar_1, uniq_maggie
D:9:      gammafunk_sealed_arena, layout_cave_pools, serial_bayou_lagoon_a,
          the_bakery, uniq_joseph, uniq_maurice
D:10:     layout_roguey, uniq_josephine
D:11:     minmay_inside_and_out, layout_irregular_city, david_lair_generic,
          orc_0_dummy
D:12:     layout_irregular_city, kennysheep_small_square
D:13:     layout_loops_ring, grunt_vaults_entry_tiered, palyth_stone_intersect
D:14:     layout_basic, uniq_louise, uniq_frances
D:15:     grunt_enter_depths_magical_seal, layout_irregular_city,
          elyvilon_altar_5
Lair:1:   layout_cave_pods
Lair:2:   layout_cave_shapes, serial_bayou, serial_bayou_crossing,
          serial_bayou_lagoon_b, serial_bayou_shore_a, serial_bayou_pond_a
Lair:3:   layout_loops_ring, shoals_dummy_entry, dummy_snake_entry,
          gammafunk_ghost_hydra_chop, serial_bayou_shore_b, grunt_megastairs_5,
          uniq_urug

Skill      XL: |  1  2  3  4  5  6  7  8  9 10 11 12 13 |
---------------+----------------------------------------+-----
Ice Magic      | 5 6 7 8 10 11 12 13 14 | 14.0
Fighting       | 1 2 3 4 6 |  6.7
Spellcasting   | 3 4 5 6 8 9 10 12 | 12.8
Stealth        | 2 3 4 |  4.5
Dodging        | 3 4 5 6 7 |  7.7
Slings         | 1 2 3 |  3.2
Short Blades   | 2 |  2.3
Throwing       | 1 2 3 5 |  5.0
Long Blades    | 2 4 5 7 9 |  9.9
Conjurations   | 1 2 3 |  3.2
Hexes          | 1 |  1.4
Evocations     | 1 7 |  7.8
Armour         | 2 |  2.2

Action                   |  1- 3 |  4- 6 |  7- 9 | 10-12 | 13-15 || total
-------------------------+-------+-------+-------+-------+-------++-------
Melee: Club              |    17 |       |       |       |       ||    17
       Dagger            |    33 |    41 |    64 |       |       ||   138
       Falchion          |       |       |    70 |    26 |       ||    96
       Scimitar          |       |       |       |   283 |   175 ||   458
       Kick              |       |       |       |     1 |       ||     1
 Fire: Hunting sling     |       |    17 |     8 |    11 |       ||    36
Throw: Stone             |    15 |     4 |     8 |    14 |       ||    41
       Dart              |       |     4 |    16 |    51 |    12 ||    83
       Boomerang         |       |       |       |    70 |       ||    70
       Javelin           |       |       |       |    11 |       ||    11
 Cast: Freeze            |    38 |    13 |    12 |    27 |    15 ||   105
       Frozen Ramparts   |     3 |    14 |    36 |    60 |    40 ||   153
       Ozocubu's Armour  |       |     5 |    31 |    64 |    33 ||   133
       Hailstorm         |       |       |     9 |    48 |    14 ||    71
       Ensorcelled Hiber |       |       |     3 |    10 |       ||    13
       Cause Fear        |       |       |       |       |     1 ||     1
Invok: Request Jelly     |       |       |       |     1 |     1 ||     2
       Slimify           |       |       |       |     2 |     2 ||     4
       Cure Bad Mutation |       |       |       |     2 |     1 ||     3
 Abil: Hop               |       |     1 |     2 |    11 |     7 ||    21
Evoke: Wand              |       |       |       |    13 |    21 ||    34
  Use: Scroll            |     3 |     2 |     6 |     8 |     6 ||    25
       Potion            |       |       |     6 |     9 |     2 ||    17
 Stab: Distracted        |     1 |       |       |     1 |       ||     2
       Sleeping          |       |     1 |     2 |     1 |     1 ||     5
       Paralysed         |       |     1 |       |       |       ||     1
Armor: Robe              |    14 |    16 |    46 |    10 |       ||    86
       Skin              |       |       |    14 |    17 |       ||    31
       Steam dragon scal |       |       |       |   138 |     8 ||   146
       Ring mail         |       |       |       |       |    68 ||    68
Dodge: Dodged            |    53 |    50 |   141 |   332 |   124 ||   700
       Rpst.: Falchion   |       |       |    26 |     5 |       ||    31
       Scimitar          |       |       |       |    63 |    37 ||   100
